 Dungeon Crawl Stone Soup version 0.22-a0-305-gd21a89c (webtiles) character file.

3793 RoseArtemis the Cleaver (level 9, -9/82 HPs)
             Began as a Minotaur Berserker on Mar 30, 2018.
             Was an Elder of Trog.
             Mangled by an orc warrior
             ... wielding a +0 long sword
              (19 damage)
             ... on level 7 of the Dungeon.
             The game lasted 00:13:51 (4564 turns).

RoseArtemis the Cleaver (Minotaur Berserker)        Turns: 4564, Time: 00:13:51

Health: -9/82      AC: 10    Str: 21    XL:     9   Next: 96%
Magic:  8/8        EV: 13    Int:  6    God:    Trog [****..]
Gold:   508        SH:  0    Dex: 12    Spells: 8/8 levels left

rFire    . . .     SeeInvis .   t - +0 broad axe
rCold    + . .     Gourm    .   (no shield)
rNeg     . . .     Faith    .   j - +0 scale mail
rPois    .         Spirit   .   (helmet restricted)
rElec    .         Reflect  .   (no cloak)
rCorr    .         Harm     .   b - +1 pair of gloves
MR       ++...                  (no boots)
Stlth    ..........             s - amulet of the acrobat
HPRegen  1.23/turn              r - ring of protection from cold
MPRegen  0.11/turn              (no ring)

@: berserk cooldown, regenerating, slowed, very slow
A: retaliatory headbutt, horns 2
a: Berserk, Trog's Hand, Brothers in Arms, Renounce Religion


You were on level 7 of the Dungeon.
You worshipped Trog.
Trog was greatly pleased with you.
You were not hungry.

You visited 1 branch of the dungeon, and saw 7 of its levels.

You collected 508 gold pieces.

Inventory:

Hand Weapons
 t - a +0 broad axe (weapon)
Armour
 b - a +1 pair of gloves (worn)
 j - a +0 scale mail (worn)
Jewellery
 r - a ring of protection from cold (left hand)
 s - an amulet of the acrobat (around neck)
Wands
 a - a wand of flame (25)
Scrolls
 d - 2 scrolls of enchant weapon
 g - a scroll of noise {unknown}
 i - a scroll of fear
 k - a scroll of teleportation
 m - a scroll of magic mapping {unknown}
 o - 3 scrolls of remove curse
 q - a scroll of fog {unknown}
 u - a scroll of immolation {unknown}
Potions
 c - a potion of haste
 e - a potion of lignification
 h - a potion of flight
 l - 2 potions of heal wounds
 p - 2 potions of curing
Comestibles
 f - 6 rations
 n - 10 chunks of flesh


   Skills:
 + Level 8.5 Fighting
 * Level 11.3 Axes
 + Level 8.0 Armour
 + Level 7.3 Dodging


You had 8 spell levels left.
You didn't know any spells.

Dungeon Overview and Level Annotations

Branches:
Dungeon (7/15)
 Temple: D:4-7

Altars:
Fedhas
Qazlal

Shops:
D:4 *   D:5 (


Innate Abilities, Weirdness & Mutations

You reflexively headbutt those who attack you in melee.
You have a pair of horns on your head.


Message History

The orc priest is almost dead.
You closely miss the orc priest. You hit the orc warrior.
You hit the orc but do no damage.
The orc warrior hits you with a long sword.
* * * LOW HITPOINT WARNING * * *
The orc priest closely misses you. Something hits you but does no damage.
The orc priest hits you but does no damage.
The orc hits you.
* * * LOW HITPOINT WARNING * * *
The orc priest closely misses you. The orc warrior closely misses you.
You hit the orc.
The orc is heavily wounded.
You hit the orc warrior. You barely miss the orc priest. x2
Something hits you but does no damage. The orc barely misses you.
You furiously retaliate!
You headbutt the orc!
You kill the orc!
Trog accepts your kill.
The orc priest hits you but does no damage.
The orc warrior hits you with a long sword!!
You die...

#####################
#....................
+.......)[...........
#......)))...........
##.......#######......
#........#######......
#...[[................
#..{o@...........#...#
##..oo...........#...#
.....).............+....
..#.[..............#....
........................
..........(≈≈≈≈≈......##
>........≈≈≈≈≈≈≈≈≈......
..#.#..≈≈≈≈≈≈≈≈≈≈≈≈≈....
≈≈≈≈...


You could see an orc warrior and 2 orc priests.

Vanquished Creatures
  A two-headed ogre (D:5)
  Pikel (D:7)
  A hippogriff (D:6)
  The ghost of Uhlv the Cudgeler, an amateur MiBe of Trog (D:3)
  A hungry ghost (D:7)
  2 water moccasins
  2 slaves (D:7)
  2 phantoms
  2 sky beasts (D:6)
  4 ogres
  2 centaurs (D:6)
  Blork the orc (D:6)
  3 bullfrogs
  3 howler monkeys (D:7)
  A crimson imp (D:5)
  A quasit (D:7)
  7 hounds
  3 orc priests
  A jelly (D:6)
  A centaur skeleton (D:6)
  A bullfrog skeleton (D:6)
  Natasha (thrice) (D:3 D:6)
  4 orc wizards (D:7)
  4 worker ants
  2 worker ant zombies (D:7)
  5 adders
  An adder skeleton (D:6)
  3 worms
  2 dart slugs (D:1)
  5 leopard geckos
  21 orcs
  2 ball pythons
  9 bats
  7 giant cockroaches
  11 goblins
  9 hobgoblins
  6 jackals
  10 kobolds
  3 quokkas
  4 frilled lizards
  A leopard gecko skeleton (D:7)
  A quokka skeleton (D:6)
  7 rats
161 creatures vanquished.

Vanquished Creatures (others)
  A slave (D:7)
  An orc (D:7)
2 creatures vanquished.

Grand Total: 163 creatures vanquished

Notes
Turn   | Place    | Note
-------+----------+-------------------------------------------
     0 | D:1      | RoseArtemis the Minotaur Berserker began the quest for the Orb.
     0 | D:1      | Reached XP level 1. HP: 19/19 MP: 0/0
    34 | D:1      | Reached XP level 2. HP: 27/27 MP: 1/1
    35 | D:1      | Reached skill level 4 in Axes
   276 | D:1      | Reached ** piety under Trog
   277 | D:1      | Reached XP level 3. HP: 33/33 MP: 2/2
  1018 | D:2      | Reached XP level 4. HP: 40/40 MP: 3/3
  1370 | D:3      | Noticed Natasha
  1379 | D:3      | Killed Natasha
  1429 | D:3      | Reached skill level 5 in Axes
  1448 | D:3      | Reached XP level 5. HP: 47/47 MP: 4/4
  1513 | D:3      | Reached *** piety under Trog
  1591 | D:3      | Noticed Uhlv's ghost (amateur MiBe)
  1604 | D:3      | Killed Uhlv's ghost
  1604 | D:3      | Reached XP level 6. HP: 51/55 MP: 5/5
  1709 | D:3      | Found a blossoming altar of Fedhas.
  1793 | D:3      | Found a stormy altar of Qazlal.
  1970 | D:4      | Reached skill level 5 in Fighting
  1970 | D:4      | Reached skill level 6 in Axes
  2409 | D:4      | Found Pusoxtoe's Assorted Antiques.
  2615 | D:4      | Reached XP level 7. HP: 61/61 MP: 6/6
  2825 | D:5      | Entered Level 5 of the Dungeon
  2907 | D:5      | Reached skill level 7 in Axes
  2942 | D:5      | Reached skill level 5 in Armour
  3428 | D:5      | Noticed a two-headed ogre
  3433 | D:5      | Killed a two-headed ogre
  3433 | D:5      | Reached skill level 8 in Axes
  3433 | D:5      | Reached skill level 5 in Dodging
  3433 | D:5      | Reached XP level 8. HP: 71/71 MP: 7/7
  3491 | D:5      | Reached skill level 9 in Axes
  3691 | D:5      | Found Ucla's Weapon Emporium.
  3860 | D:6      | Noticed Blork the orc
  3864 | D:6      | Reached **** piety under Trog
  3868 | D:6      | Killed Blork the orc
  3901 | D:6      | Reached XP level 9. HP: 62/79 MP: 8/8
  4052 | D:6      | Noticed Natasha
  4056 | D:6      | Killed Natasha
  4138 | D:6      | Noticed Natasha
  4141 | D:6      | Reached skill level 10 in Axes
  4144 | D:6      | Killed Natasha
  4514 | D:7      | Noticed Pikel
  4532 | D:7      | Killed Pikel
  4532 | D:7      | Reached skill level 11 in Axes
  4564 | D:7      | Mangled by an orc warrior

Vault maps used:
D:1:      tarquinn_simple_flora_water_b
D:3:      nicolae_overflow_crystal_walls, grunt_qazlal_sundering, first_ration,
          uniq_natasha
D:4:      serial_shops, shop
D:5:      serial_shops, kennysheep_little_box, portal_sewer_entry_f
D:6:      kennysheep_orc_sif_temple, uniq_blork_the_orc
D:7:      temple_pool_b, minmay_misc_feat_rows, uniq_pikel

Skill      XL: |  1  2  3  4  5  6  7  8  9 |
---------------+----------------------------+-----
Axes           | 4 5 6 8 9 11 | 11.3
Fighting       | 4 5 6 7 8 |  8.5
Armour         | 3 4 6 8 |  8.0
Dodging        | 3 4 5 6 7 |  7.3

Action                   |  1- 3 |  4- 6 |  7- 9 || total
-------------------------+-------+-------+-------++-------
Melee: Hand axe          |    80 |    10 |       ||    90
       Headbutt          |     7 |     7 |    40 ||    54
       War axe           |       |    59 |    89 ||   148
       Broad axe         |       |       |    96 ||    96
Invok: Berserk           |     4 |     5 |     9 ||    18
       Trog's Hand       |       |       |     4 ||     4
  Use: Scroll            |     2 |     7 |     4 ||    13
       Potion            |       |       |     1 ||     1
  Eat: Chunk             |     4 |     5 |    18 ||    27
       Ration            |       |     1 |     1 ||     2
Armor: Animal skin       |    11 |       |       ||    11
       Ring mail         |    10 |       |       ||    10
       Scale mail        |     2 |    32 |   101 ||   135
Dodge: Dodged            |    39 |    48 |   159 ||   246

Table legend:
 A = Spawn XP
 B = Non-spawn XP
 C = Spawn XP percentage of total XP
 D = Spawn monster count
 E = Non-spawn monster count
 F = Spawn count percentage of total count
 G = Total turns spent on level
                    A         B        C        D         E        F      G
               +---------+---------+-------+---------+---------+-------+---------
         Total |       0 |    5419 |   0.0 |       0 |     159 |   0.0 |  4564
               +---------+---------+-------+---------+---------+-------+---------
           D:1 |       0 |      70 |   0.0 |       0 |      38 |   0.0 |   724
           D:2 |       0 |      47 |   0.0 |       0 |      15 |   0.0 |   646
           D:3 |       0 |     308 |   0.0 |       0 |      16 |   0.0 |   552
           D:4 |       0 |     352 |   0.0 |       0 |      11 |   0.0 |   903
           D:5 |       0 |    1506 |   0.0 |       0 |      25 |   0.0 |   961
           D:6 |       0 |    1607 |   0.0 |       0 |      24 |   0.0 |   558
           D:7 |       0 |    1529 |   0.0 |       0 |      30 |   0.0 |   220
               +---------+---------+-------+---------+---------+-------+---------
